AoeStats
← harooooo

Arabia

507944788Analyzed
1v1 RM · 13d ago on Sep 20, 2026· 23m 42s· 2 players
Game mode
Random Map
Map size
Tiny (2 player)
Population
200
Speed
Normal
Resources
Standard
Victory
Conquest
Starting age
Dark Age
Ending age
Imperial Age
RankedLock teamsTeams togetherTeam positionsShared explorationLock speedFull tech treeHidden civsTurbo modeCheats
Victory
Defeat
🇦🇷 Teutons · Argentina
1807
+19
🇧🇦 Saracens · Bosnia & Herzegovina
1882
-19
harooooo
6:22 Loom
9:34 Feudal Age
9:43 Man-at-Arms
10:26 Double-Bit Axe
21:23 Castle Age
21:46 Crossbowman
22:16 Fletching
22:58 Bodkin Arrow
Schrödinger
6:29 Loom
8:54 Feudal Age
9:22 Double-Bit Axe
12:57 Horse Collar
19:08 Castle Age
17:36 Padded Archer Armor
17:31 Gold Mining
18:05 Fletching
19:09 Scale Barding Armor
19:16 Crossbowman
20:16 Bow Saw
20:48 Bodkin Arrow
23:26 Ballistics
Connection lost

Rejoining the realm…

Still unreachable

The connection could not be restored.

Session expired

The server has moved on; the page needs a fresh start.